 Dungeon Crawl Stone Soup version 0.27.1-1-g398f81649c (webtiles) character file.

Game seed: 9772084174905531063

2777 ABBCCCDDDD the Fighter (level 9, -2/102 HPs)
             Began as an Octopode Monk on Sept 15, 2021.
             Was an Initiate of Gozag.
             Succumbed to a killer bee's poison
             ... on level 9 of the Dungeon.
             The game lasted 00:19:10 (12616 turns).

ABBCCCDDDD the Fighter (Octopode Monk)             Turns: 12616, Time: 00:19:11

Health: -2/102     AC: 24    Str:  9 (10) XL:     9   Next: 70%
Magic:  15/15      EV:  2    Int: 13 (15) God:    Gozag
Gold:   772        SH:  5    Dex: 14 (17) Spells: 12/16 levels left

rFire    . . .     SeeInvis .   a - +0 spear
rCold    . . .     Faith    .   s - +0 buckler
rNeg     + + +     Spirit   .   (helmet currently unavailable)
rPois    +         Reflect  .   (no amulet)
rElec    .         Harm     .   b - ring of poison resistance
rCorr    .         Rampage  .   C - ring of willpower
Will     +....     NoTele   +   (no ring)
Stlth    +++.......             (no ring)
HPRegen  0.27/turn              (no ring)
MPRegen  0.14/turn              (no ring)
                                (no ring)
                                (no ring)

@: lethally poisoned (-2 -> -12), tree-form, attractive, very slightly
contaminated, invisible
A: stationary, stasis, torment immunity, boosted hp, almost no armour,
(amphibious), 8 rings, (camouflage 1), (gelatinous body 1), (nimble swimmer 1),
(tentacles), agile 1, mutation resistance 1
a: Renounce Religion, Potion Petition, Call Merchant, Bribe Branch


You were on level 9 of the Dungeon.
You worshipped Gozag.
Gozag was pleased with you.
You were a tree.
You visited 2 branches of the dungeon, and saw 10 of its levels.

You collected 772 gold pieces.

Inventory:

Hand Weapons
 a - a +0 spear (weapon)
 F - a +4 glaive of venom
Missiles
 g - 40 poisoned darts (quivered)
 G - 2 atropa-tipped darts
Armour
 s - a +0 buckler (worn)
Jewellery
 b - a ring of poison resistance (left branch)
 C - a ring of willpower (right branch)
 H - a ring of magical power
Wands
 l - a wand of charming (4)
 v - a wand of acid (4)
 y - a wand of flame (6)
 A - a wand of paralysis (13)
Scrolls
 c - a scroll of vulnerability {unknown}
 e - a scroll of identify
 f - a scroll of enchant weapon
 h - a scroll of silence {unknown}
 i - 2 scrolls of enchant armour {unknown}
 m - 3 scrolls of immolation
 n - a scroll of holy word {unknown}
 p - a scroll of noise {unknown}
 w - a scroll of fog {unknown}
 x - a scroll of fear {unknown}
 B - 2 scrolls of brand weapon {unknown}
Potions
 o - 2 potions of brilliance
Miscellaneous
 E - a lightning rod (4/4)


   Skills:
 - Level 9.0 Fighting
 - Level 3.0 Polearms
 - Level 3.8 Dodging
 - Level 5.0 Stealth
 - Level 4.0 Shields
 - Level 4.0 Spellcasting
 - Level 2.0 Translocations
 + Level 1.6 Transmutations
 + Level 1.7 Earth Magic
 - Level 6.0 Evocations


You had 12 spell levels left.
You knew the following spells:

 Your Spells              Type           Power      Damage    Failure   Level
a - Blink                 Tloc           N/A        N/A       14%         2
b - Passwall              Tmut/Erth      5%         N/A       16%         2

Your spell library contained the following spells:

 Spells                   Type           Power      Damage    Failure   Level
 Corona                   Hex            2%         N/A       21%         1
 Call Imp                 Summ           2%         N/A       30%         2
 Ensorcelled Hibernation  Hex/Ice        4%         N/A       30%         2
 Swiftness                Air            2%         N/A       52%         3
 Tukima's Dance           Hex            2%         N/A       52%         3
 Summon Ice Beast         Ice/Summ       2%         N/A       90%         4
 Manifold Assault         Tloc           7%         N/A       94%         5
 Invisibility             Hex            1%         N/A       100%        6
 Storm Form               Tmut/Air       2%         N/A       100%        7
 Summon Hydra             Summ           1%         N/A       100%        7


Dungeon Overview and Level Annotations

Branches:
Dungeon (9/15)             Temple (1/1) D:5
   Lair: D:8-11         Orc: D:9-12

Altars:
Ashenzari
Cheibriados
Fedhas
Gozag
Kikubaaqudgha
Nemelex Xobeh
Okawaru
Sif Muna
Trog
Uskayaw
Vehumet
Yredelemnul
Zin
Jiyva

Shops:
D:3 (

Annotations:
D:4 2 transporters, ABBCCCDDDD's ghost, amateur OpWr; Menkaure
D:5 Sigmund
D:7 4 runed translucent doors, exclusion: ice beast
D:8 exclusion: cyclops


Innate Abilities, Weirdness & Mutations

You are a tree.
Your roots penetrate the ground, keeping you stationary.
You cannot be teleported.
You are immune to unholy pain and torment.
Your maximum health is greatly increased.
You cannot wear most types of armour.
((You are amphibious.))
You can wear up to eight rings at the same time.
((Your skin changes colour to match your surroundings (Stealth+).))
((Your rubbery body absorbs attacks. (AC +1, EV +1)))
((You are camouflaged near water. (Stealth+)))
((You have tentacles for arms and can constrict up to eight enemies at once.))
You are agile. (Dex +2)
You are somewhat resistant to further mutation.


Message History

You feel sick.
You are no longer poisoned.
The killer bee stings you but does no damage.
The killer bee completely misses you.
You hit the killer bee.
The killer bee is lightly wounded.
The killer bee stings you but does no damage.
The howler monkey hoots and howls with incredible vigour!
The killer bee stings you.
* * * LOW HITPOINT WARNING * * *
You hear two shouts!
You barely miss the killer bee.
The killer bee is lightly wounded.
You block the killer bee's attack. The killer bee stings you.
* * * LOW HITPOINT WARNING * * *
You barely miss the killer bee.
The killer bee is lightly wounded.
The killer bee stings you but does no damage. x2
It was a potion of invisibility.
You fade into invisibility!
The killer bee stings you!
* * * LOW HITPOINT WARNING * * *
The killer bee barely misses you.
The howler monkey hoots and howls with incredible vigour!
You hear an angry buzzing noise.
You are very lightly contaminated with residual magic.
It was a potion of degeneration.
There was something very wrong with that liquid.
You feel weakened.
You feel dopey.
You feel clumsy. The killer bee stings you!
* * * LOW HITPOINT WARNING * * *
The killer bee stings you.
* * * LOW HITPOINT WARNING * * *
You are lethally poisoned!
The killer bee poisons you!
You cannot move.
As you read the scroll of identify, it crumbles to dust.
f - a scroll of enchant weapon You die...
Your body crumbles into a pile of gold.

...... ......
.........
......$.######
.............#
.........##..#
........hhy♣#
..........###
..........#
....###...####
#........O.####
#.....###'###yy.#
##...# .... ##..#
........#.......#..#
#.......
#.......#..#


You could see 2 howler monkeys and a killer bee.

Levels and vault maps discovered:
D:1:      minmay_arrival_widening_spiral_wide, layout_basic,
          dreamdust_ecumenical_altar_grove, minivault_23
D:2:      layout_loops_ring
D:3:      layout_loops_ring, ashenzari_altar_1, mainiacjoe_overflow_catwalk,
          lemuel_tele_altar, serial_shops, nicolae_shop_trees
D:4:      layout_basic, lemuel_crystal_altar, trog_wizard,
          gammafunk_ghost_abyssal_escape, minmay_misc_feat_plants,
          serial_park_tiny_2, uniq_menkaure
D:5:      layout_loops_corners, temple_hall, uniq_sigmund
D:6:      layout_loops_ring, kennysheep_mini_moat, zin_statuary,
          nicolae_overflow_hidden_temple
D:7:      layout_loops_ring, kennysheep_slug_shrine, minmay_misc_feat_cross,
          minmay_misc_feat_pillars, nicolae_lava_and_water,
          minmay_hollow_rounded_squares
D:8:      layout_gridville, mainiacjoe_overflow_boulevard,
          nicolae_hepliaklqana_hazy_memory, uniq_maurice
D:9:      layout_rooms, kennysheep_flooded_box
Temple:   pf_slimified_temple

Notes
Turn   | Place    | Note
-------+----------+-------------------------------------------
     0 | D:1      | ABBCCCDDDD the Octopode Monk began the quest for the Orb.
     0 | D:1      | Reached XP level 1. HP: 16/16 MP: 1/1
   131 | D:1      | Found a faded altar of an unknown god.
   234 | D:1      | Reached XP level 2. HP: 21/21 MP: 2/2
   236 | D:1      | Got Gelev's Papyrus of the Supportive Frostbite
  1323 | D:2      | Reached XP level 3. HP: 23/26 MP: 3/3
  2179 | D:3      | Reached XP level 4. HP: 17/33 MP: 4/4
  2347 | D:3      | Found a sparkling altar of Nemelex Xobeh.
  2387 | D:3      | Found a hide-covered altar of Uskayaw.
  2621 | D:3      | Learned a level 2 spell: Blink
  2698 | D:3      | Found Kefiobb's Antique Weapon Shop.
  2863 | D:3      | Found a broken altar of Ashenzari.
  3119 | D:4      | Noticed ABBCCCDDDD's ghost (amateur OpWr)
  3120 | D:4      | Noticed a small abomination
  3142 | D:4      | Found a bloodstained altar of Trog.
  3146 | D:4      | Noticed a wizard
  3153 | D:4      | Killed a wizard
  3275 | D:4      | Found a blossoming altar of Fedhas.
  3542 | D:4      | Noticed a phantom
  3806 | D:4      | Noticed a small abomination
  3826 | D:4      | Found a transporter.
  3829 | D:4      | Found a transporter.
  4049 | D:5      | Entered Level 5 of the Dungeon
  4055 | D:5      | Reached skill level 4 in Fighting
  4055 | D:5      | Reached XP level 5. HP: 32/37 MP: 5/5
  4129 | D:5      | Noticed a troll
  4172 | D:5      | Reached skill level 1 in Spellcasting
  4172 | D:5      | Reached skill level 1 in Translocations
  4328 | D:5      | Reached skill level 5 in Stealth
  4456 | D:5      | Reached XP level 6. HP: 44/44 MP: 8/8
  4490 | D:5      | Noticed Sigmund
  5853 | D:5      | Reached skill level 5 in Fighting
  6080 | D:5      | Reached XP level 7. HP: 30/50 MP: 10/10
  6267 | D:5      | Reached skill level 6 in Fighting
  6494 | D:5      | Found a staircase to the Ecumenical Temple.
  6538 | Temple   | Entered the Ecumenical Temple
  6542 | Temple   | Became a worshipper of Gozag Ym Sagoz the Greedy
  7219 | D:4      | Noticed Menkaure
  7994 | D:6      | Reached skill level 1 in Shields
  8130 | D:6      | Found an ancient bone altar of Kikubaaqudgha.
  8719 | D:6      | Found a shimmering blue altar of Sif Muna.
  8899 | D:6      | Found a glowing silver altar of Zin.
  8944 | D:7      | Reached skill level 1 in Evocations
  9106 | D:7      | Identified the +9 plate armour of Quitum {rCorr}
  9232 | D:7      | Found a large runed translucent door.
  9286 | D:7      | Found a snail-covered altar of Cheibriados.
  9446 | D:7      | Noticed a wyvern
  9457 | D:7      | Killed a wyvern
  9458 | D:7      | Reached XP level 8. HP: 58/58 MP: 10/12
 10272 | D:7      | Found a large runed translucent door.
 10277 | D:7      | Noticed a troll
 10433 | D:7      | Noticed a gargoyle
 10496 | D:7      | Reached skill level 7 in Fighting
 10870 | D:7      | Found a large runed translucent door.
 10870 | D:7      | Found a large runed translucent door.
 11219 | D:7      | Reached XP level 9. HP: 18/64 MP: 15/15
 11510 | D:7      | Noticed a cyclops
 11546 | D:7      | Killed a gargoyle
 11547 | D:7      | Reached skill level 8 in Fighting
 11547 | D:7      | Reached skill level 5 in Evocations
 11604 | D:8      | Noticed Maurice
 11626 | D:8      | Killed Maurice
 11879 | D:8      | Found a radiant altar of Vehumet.
 11912 | D:8      | Noticed a cyclops
 11944 | D:8      | Noticed a two-headed ogre
 11949 | D:8      | Learned a level 2 spell: Passwall
 11990 | D:8      | Identified the +2 ring mail "Rahiax" {rPois}
 12276 | D:8      | Reached skill level 9 in Fighting
 12276 | D:8      | Reached skill level 1 in Transmutations
 12276 | D:8      | Reached skill level 1 in Earth Magic
 12297 | D:9      | Noticed a troll
 12303 | D:9      | Noticed a two-headed ogre
 12568 | D:9      | Noticed a two-headed ogre
 12607 | D:9      | Gained mutation: You are agile. (Dex +2) [potion of
                  | mutation]
 12607 | D:9      | Gained mutation: You are somewhat resistant to further
                  | mutation. [potion of mutation]
 12615 | D:9      | HP: 2/102 [killer bee (7)]
 12616 | D:9      | Succumbed to a killer bee's poison

Table legend: (Time is in decaauts)
 A = Elapsed time spent in this place.
 B = Non-inter-level travel time spent in this place.
 C = Inter-level travel time spent in this place.
 D = Time resting spent in this place.
 E = Time spent auto-exploring this place.
 F = Levels seen in this place.
 G = Mean time per level.
                   A        B        C        D        E       F      G
               +--------+--------+--------+--------+--------+-----+--------+
         Total |  12603 |  11974 |    629 |   4941 |   4384 |  10 | 1260.3 |
       Dungeon |  12594 |  11968 |    626 |   4941 |   4384 |   9 | 1399.3 |
        Temple |      8 |      5 |      3 |      0 |      0 |   1 |    8.0 |
               +--------+--------+--------+--------+--------+-----+--------+

Top non-repeatable levels by time:
     D:5: 2959 daAuts
     D:7: 2438 daAuts
     D:4: 1833 daAuts
     D:3: 1407 daAuts
     D:6: 1251 daAuts
     D:1: 1051 daAuts
     D:8: 702 daAuts
     D:2: 617 daAuts
     D:9: 331 daAuts
  Temple: 8 daAuts

Table legend:
 A = Kills in this place as a percentage of kills in entire the game.
 B = Kills by you in this place as a percentage of kills by you in the entire game.
 C = Kills by friends in this place as a percentage of kills by friends in the entire game.
 D = Other kills in this place as a percentage of other kills in the entire game.
 E = Experience gained in this place as a percentage of experience gained in the entire game.
 F = Experience gained in this place divided by the number of levels of this place that you have seen.
                   A       B       C       D       E      F
               +-------+-------+-------+-------+-------+----------------------
         Total | 100.0 | 100.0 | 100.0 |   N/A | 100.0 | 396.8
       Dungeon | 100.0 | 100.0 | 100.0 |   N/A | 100.0 | 440.9
               +-------+-------+-------+-------+-------+----------------------

Action                   |  1- 3 |  4- 6 |  7- 9 || total
-------------------------+-------+-------+-------++-------
Melee: Spear             |    89 |   126 |   256 ||   471
       Tentacles         |    14 |    26 |    38 ||    78
       Constrict         |    15 |    24 |    24 ||    63
Throw: Dart              |       |    18 |    37 ||    55
Evoke: Wand              |       |       |    21 ||    21
  Use: Potion            |       |       |     9 ||     9
       Scroll            |       |       |     6 ||     6
 Stab: Sleeping          |    16 |    10 |    11 ||    37
       Paralysed         |       |       |    35 ||    35
Armor: Skin              |     4 |     5 |    15 ||    24
Dodge: Dodged            |    28 |    54 |   142 ||   224
Block: Buckler           |       |       |    41 ||    41

Vanquished Creatures
  Maurice (D:8)
  A gargoyle (D:7)
  A wyvern (D:7)
  A water moccasin (D:7)
  An ice beast (D:7)
  An orc warrior (D:7)
  2 centaurs (D:7)
  A kobold brigand (D:8)
  A wyvern zombie (D:7)
  A gnoll sergeant (D:5)
  5 scorpions
  A bullfrog (D:6)
  A water moccasin skeleton (D:7)
  2 electric eels (D:7)
  A lava snake (D:7)
  A bullfrog zombie (D:5)
  2 jellies
  3 hounds
  3 orc priests
  2 centaur zombies (D:6)
  2 iguanas
  An orc wizard (D:8)
  8 adders
  9 gnolls
  2 worms (D:3)
  2 dart slugs
  10 orcs
  9 bats
  An endoplasm (D:4)
  3 giant cockroaches
  9 goblins
  3 hobgoblins
  2 jackals (D:3)
  A quokka (D:3)
  6 ball pythons
  3 frilled lizards
  13 kobolds
  4 rats
120 creatures vanquished.

Vanquished Creatures (collateral kills)
  2 vampire mosquitoes (D:8)
  An orc priest (D:8)
  A howler monkey zombie (D:8)
4 creatures vanquished.

Vanquished Creatures (others)
  A wizard (D:4)
  5 plants (D:8)
6 creatures vanquished.

Grand Total: 130 creatures vanquished
